Cogmind - Beta 17 @@@ ROGUE MODE // 2026.07.23 @ 08:08:07 // Winter2019/RPGLIKE Player: Gallgagger Result: Core destroyed Performance ------------- Evolutions (1) 500 Regions Visited (5) 1000 Robots Destroyed (1) 5 Value Destroyed (10) 10 Prototype IDs (0) 0 Alien Tech Used (0) 0 Bonus (0) 0 TOTAL SCORE: 1515 Bonus ------- None Cogmind --------- Core Integrity 0/1100 Matter 300/300 Energy 100/100 System Corruption 9% Temperature Cool (0) Movement Core (50) Location -9/Exiles Parts ------- > --- POWER (1) -------- (None) > --- PROPULSION (1) --- (None) > --- UTILITY (1) ------ (None) > --- WEAPON (1) ------- (None) > --- INVENTORY (0) ---- (None) Peak State ------------ > --- POWER ------------ (None) > --- PROPULSION ------- Flight Unit > --- UTILITY ---------- (None) > --- WEAPON ----------- (None) > --- INVENTORY -------- (None) [Rating: 1] Favorites ----------- Power None Propulsion Flight Unit Flight Unit Flight Unit Utility Light Armor Plating Protection Light Armor Plating Weapon None Build | -11 -10 -10 -9 -9 -9 ------- Run | Yrd Mat Min Mat Min Exi Slots Evolved . | . . . . . . Power . | . . . . . . Propulsion . | . . . . . . Utility . | . . . . . . Weapon . | . . . . . . Parts Attached 2 | . . 2 . . . Power . | . . . . . . Engine . | . . . . . . Core . | . . . . . . Reactor . | . . . . . . Propulsion 1 | . . 1 . . . Treads . | . . . . . . Leg . | . . . . . . Wheel . | . . . . . . Hover . | . . . . . . Flight 1 | . . 1 . . . Utility 1 | . . 1 . . . Device . | . . . . . . Storage . | . . . . . . Processor . | . . . . . . Hackware . | . . . . . . Protection 1 | . . 1 . . . Artifact . | . . . . . . Weapon . | . . . . . . Energy Gun . | . . . . . . Energy Cannon . | . . . . . . Ballistic Gun . | . . . . . . Ballistic Cannon . | . . . . . . Launcher . | . . . . . . Special Weapon . | . . . . . . Impact Weapon . | . . . . . . Slashing Weapon . | . . . . . . Piercing Weapon . | . . . . . . Special Melee Weapon . | . . . . . . Unidentified Prototypes . | . . . . . . Parts Lost 2 | . . 1 1 . . Power . | . . . . . . Propulsion 1 | . . 1 . . . Utility 1 | . . . 1 . . Weapon . | . . . . . . Highest Loss Streak 1 | . . 1 1 . . To Critical Strikes . | . . . . . . Average Backups . | . . . . . . Power . | . . . . . . Propulsion . | . . . . . . Utility . | . . . . . . Weapon . | . . . . . . Tool/Special . | . . . . . . Unused Backups . | . . . . . . Power . | . . . . . . Propulsion . | . . . . . . Utility . | . . . . . . Weapon . | . . . . . . Tool/Special . | . . . . . . Average Slot Usage (%) 5 | . . 6 13 . . Flight 1 | . . 4 . . . Protection 3 | . . 2 13 . . Peak Build Rating 1 | . . 1 1 . . Average Rating . | . . . . . . On Entrance . | . . . 1 . . Avg Prop Armor Cover (%) . | . . . . . . Naked Turns 374 | . 36 116 38 97 87 Heaviest Build 3 | . . 3 3 . . Greatest Support 4 | 3 3 4 3 3 3 Greatest Overweight (x) . | . . . . . . Average Overweight (x) . | . . . . . . Largest Inventory Capacity . | . . . . . . Average Capacity . | . . . . . . Most Carried . | . . . . . . Average Carried . | . . . . . . Final Capacity . | . . . . . . Final Carried . | . . . . . . Class Distribution -------------------- 100% | Mutant Dominant Class ---------------- Mutant | -10/Materials Mutant | -10/Mines Mutant | -9/Materials Mutant | -9/Mines Mutant | -9/Exiles Resources | -11 -10 -10 -9 -9 -9 ----------- Run | Yrd Mat Min Mat Min Exi Matter Collected 177 | 130 . 47 . . . Remotely . | . . . . . . Salvage Created 28 | . . 28 . . . Parts 3 | . . 3 . . . Haulers Intercepted . | . . . . . . Recyclers Shooed . | . . . . . . Parts Field Recycled . | . . . . . . Retrieved Matter . | . . . . . . Parts Self-Destructed . | . . . . . . Prevented . | . . . . . . Parts Restored . | . . . . . . Kills | -11 -10 -10 -9 -9 -9 ------- Run | Yrd Mat Min Mat Min Exi Combat Hostiles Destroyed 1 | . . 1 . . . Melee 1 | . . 1 . . . Classes Destroyed 1 | . . 1 . . . Swarmer 1 | . . 1 . . . Best Kill Streak 1 | . . 1 . . . Combat Bots Only 1 | . . 1 . . . Max Kills in Single Turn 1 | . . 1 . . . Gunslinging . | . . . . . . Exploded . | . . . . . . Melee 1 | . . 1 . . . Uniques/NPCs Destroyed . | . . . . . . Combat | -11 -10 -10 -9 -9 -9 -------- Run | Yrd Mat Min Mat Min Exi Hostile Shots Fired 137 | . 1 77 28 31 . Missed 45 | . . 29 7 9 . Hits 92 | . 1 48 21 22 . Melee 1 | . . . . 1 . Projectile 91 | . 1 48 21 21 . Damage Taken 1175 | . 16 429 237 328 165 Core 1102 | . 16 400 193 328 165 Absorbed by Shields . | . . . . . . Redirected to Core 66 | . . 41 25 . . Core Remaining (%) 65 | 100 . 30 . . . Volleys Fired . | . . . . . . Largest . | . . . . . . Hottest . | . . . . . . Shots Fired . | . . . . . . Gun . | . . . . . . Cannon . | . . . . . . Launcher . | . . . . . . Special . | . . . . . . Kinetic . | . . . . . . Thermal . | . . . . . . Explosive . | . . . . . . Electromagnetic . | . . . . . . Robot Hit Streak . | . . . . . . Robot Miss Streak . | . . . . . . Penetration Max . | . . . . . . Secondary Targets . | . . . . . . Shots Hit Robots . | . . . . . . Core Hits 5 | . . 3 1 1 . Critical Kills . | . . . . . . Critical Parts Destroyed . | . . . . . . Critical Strikes . | . . . . . . Melee Attacks . | . . . . . . Impact . | . . . . . . Slashing . | . . . . . . Piercing . | . . . . . . Sneak Attacks . | . . . . . . Combat Hostiles . | . . . . . . Follow-up Attacks . | . . . . . . Damage Inflicted 144 | . . 40 1 37 66 Guns . | . . . . . . Cannons . | . . . . . . Explosions . | . . . . . . Melee . | . . . . . . Ramming 144 | . . 40 1 37 66 Kinetic . | . . . . . . Thermal . | . . . . . . Explosive . | . . . . . . Electromagnetic . | . . . . . . Impact . | . . . . . . Slashing . | . . . . . . Piercing . | . . . . . . Highest Corruption 9 | . . 2 . . 9 Average Corruption 2 | . . 2 . . 5 Corruption Purged . | . . . . . . Corruption Blocked . | . . . . . . Effects 2 | . . 2 . . . Message Errors 1 | . . 1 . . . Energy Discharges 1 | . . 1 . . . Overload Shots . | . . . . . . Overflow Damage . | . . . . . . Projectiles . | . . . . . . Explosions . | . . . . . . Melee . | . . . . . . Knockbacks . | . . . . . . Impact . | . . . . . . Kinetic . | . . . . . . Secondary . | . . . . . . Self-Inflicted Damage 103 | . . 19 . 18 66 Shots . | . . . . . . Rammed 18 | . . 10 1 7 . Targets Rammed 18 | . . 10 1 7 . Kicked . | . . . . . . Crushed . | . . . . . . Highest Temperature . | . . . . . . Average Temperature . | . . . . . . Received Heat Transfer 327 | . 9 39 126 153 . Siege Activations . | . . . . . . Martial Activations . | . . . . . . Shielding Activations . | . . . . . . Robots Disrupted . | . . . . . . Combat Hostiles . | . . . . . . Robots Corrupted . | . . . . . . Combat Hostiles . | . . . . . . Parts Fried . | . . . . . . Impact Corruptions . | . . . . . . Robots Melted . | . . . . . . Combat Hostiles . | . . . . . . Parts Melted . | . . . . . . Heat Transferred . | . . . . . . Parts Sabotaged . | . . . . . . Parts Stolen . | . . . . . . Parts Stripped . | . . . . . . Power Chain Reactions . | . . . . . . Alert | -11 -10 -10 -9 -9 -9 ------- Run | Yrd Mat Min Mat Min Exi Maximum Alert Level . | . . . . . . Low Security (%) 100 | 100 100 100 100 100 . Level 1 . | . . . . . . Level 2 . | . . . . . . Level 3 . | . . . . . . Level 4 . | . . . . . . Level 5 . | . . . . . . High Security . | . . . . . . Max Security . | . . . . . . Peak Influence 93 | . 30 75 58 93 . Initial 23 | . . 7 23 22 . Average 29 | . 21 24 22 49 . Influence Increases 344 | . 30 135 68 111 . Destroy 0b10 Robot/C 20 | . . 20 . . . Destroy Leader 10 | . . 10 . . . Successful Hack 14 | . . . 8 6 . Select Force Hacks 30 | . 30 . . . . Lose Combat Pursuer 270 | . . 105 60 105 . Influence Decreases 344 | . 10 95 70 76 93 Entered New Map 179 | . . 13 37 36 93 Time Decay 152 | . 10 72 30 40 . Lost Part 13 | . . 10 3 . . Squads Dispatched 4 | . 1 . 3 . . Investigation 2 | . 1 . 1 . . Extermination . | . . . . . . Reinforcement 2 | . . . 2 . . Assault . | . . . . . . Garrison . | . . . . . . Intercept . | . . . . . . Searches Triggered . | . . . . . . Construction Impeded . | . . . . . . Haulers Reinforced . | . . . . . . Active Scanning Responses . | . . . . . . Cargo Convoy Interrupts . | . . . . . . Stealth | -11 -10 -10 -9 -9 -9 --------- Run | Yrd Mat Min Mat Min Exi Distress Signals 1 | . . . 1 . . Communications Jammed . | . . . . . . Distress Signals . | . . . . . . Times Spotted 41 | . 2 13 12 14 . Peak Tracking Total 8 | . 2 4 7 8 . Tactical Retreats 9 | . . 4 1 4 . Traps | -11 -10 -10 -9 -9 -9 ------- Run | Yrd Mat Min Mat Min Exi Traps Triggered . | . . . . . . Indirectly . | . . . . . . Trap Hack Attempts . | . . . . . . Triggered . | . . . . . . Disarmed . | . . . . . . Reprogrammed . | . . . . . . Reused . | . . . . . . Traps Extracted . | . . . . . . Installed . | . . . . . . Triggered . | . . . . . . Machines | -11 -10 -10 -9 -9 -9 ---------- Run | Yrd Mat Min Mat Min Exi Machines Disabled . | . . . . . . Max in Single Turn . | . . . . . . Machines Repaired . | . . . . . . Machines Dismantled . | . . . . . . Machines Sabotaged . | . . . . . . Overloaded Fab Kills . | . . . . . . Hacking | -11 -10 -10 -9 -9 -9 --------- Run | Yrd Mat Min Mat Min Exi Machines Accessed 4 | . 1 . 2 1 . Terminals 3 | . . . 2 1 . Fabricators . | . . . . . . Repair Stations . | . . . . . . Recycling Units 1 | . 1 . . . . Scanalyzers . | . . . . . . Garrison Access . | . . . . . . Total Hacks 6 | . 1 . 4 1 . Successful 3 | . 1 . 1 1 . Failed 3 | . . . 3 . . Catastrophic 2 | . . . 2 . . Database Lockouts . | . . . . . . Manual 6 | . 1 . 4 1 . Terminals 5 | . . . 4 1 . Fabricators . | . . . . . . Repair Stations . | . . . . . . Recycling Units 1 | . 1 . . . . Scanalyzers . | . . . . . . Garrison Access . | . . . . . . Terminal Hacks 2 | . . . 1 1 . Branch Access Points 1 | . . . 1 . . Zone Layout 1 | . . . . 1 . Fabricator Hacks . | . . . . . . Repair Station Hacks . | . . . . . . Recycling Unit Hacks . | . . . . . . Scanalyzer . | . . . . . . Garrison Access Hacks . | . . . . . . Unauthorized Hacks 1 | . 1 . . . . Terminals . | . . . . . . Fabricators . | . . . . . . Repair Stations . | . . . . . . Recycling Units 1 | . 1 . . . . Tunnel 1 | . 1 . . . . Scanalyzers . | . . . . . . Garrison Access . | . . . . . . Data Cores Recovered . | . . . . . . Used . | . . . . . . Hacking Detections 2 | . . . 2 . . Full Trace Events 1 | . . . 1 . . Feedback Events . | . . . . . . Feedback Blocked . | . . . . . . Robot Schematics Acquired . | . . . . . . Robots Built . | . . . . . . Authchips . | . . . . . . Time . | . . . . . . Total Robot Build Rating . | . . . . . . Part Schematics Acquired . | . . . . . . Parts Built . | . . . . . . Authchips . | . . . . . . Time . | . . . . . . Total Part Build Rating . | . . . . . . Part Studies Acquired . | . . . . . . Parts Repaired . | . . . . . . Time . | . . . . . . Parts Recycled . | . . . . . . Recycled Matter . | . . . . . . Retrieved Matter . | . . . . . . Retrieved Components . | . . . . . . Parts Scanalyzed . | . . . . . . Part Schematics Acquired . | . . . . . . Parts Damaged . | . . . . . . Bothacking | -11 -10 -10 -9 -9 -9 ------------ Run | Yrd Mat Min Mat Min Exi Used RIF Installer . | . . . . . . Robots Hacked . | . . . . . . Non-combat . | . . . . . . Combat . | . . . . . . Robot Hacks Applied . | . . . . . . Relay Couplers Released . | . . . . . . Fabnet Peak Effective % . | . . . . . . Robots Rewired . | . . . . . . Allies Hacked . | . . . . . . Hacks Repelled . | . . . . . . Allies | -11 -10 -10 -9 -9 -9 -------- Run | Yrd Mat Min Mat Min Exi Total Allies . | . . . . . . Largest Group . | . . . . . . Highest-Rated Group . | . . . . . . Highest-Rated Ally . | . . . . . . Total Orders . | . . . . . . Ally Attacks . | . . . . . . Total Damage . | . . . . . . Kills . | . . . . . . Allies Corrupted . | . . . . . . Allies Melted . | . . . . . . Intel | -11 -10 -10 -9 -9 -9 ------- Run | Yrd Mat Min Mat Min Exi Active Infowar (turns) . | . . . . . . Robot Analysis Total . | . . . . . . Derelict Logs Recovered 1 | . . 1 . . . Drone Launches . | . . . . . . Drone Recoveries . | . . . . . . Exploration | -11 -10 -10 -9 -9 -9 ------------- Run | Yrd Mat Min Mat Min Exi Turns Passed 475 | 10 36 166 79 97 87 Spaces Moved 900 | 20 72 315 155 179 159 Core 812 | 20 72 227 155 179 159 Treads . | . . . . . . Legs . | . . . . . . Wheels . | . . . . . . Hover . | . . . . . . Flight 88 | . . 88 . . . Fastest Speed 40 | 50 50 40 50 50 50 Average Speed 49 | 50 50 47 50 50 50 Slowest Speed 50 | 50 50 50 50 50 50 Overloaded Moves . | . . . . . . Propulsion Burnouts . | . . . . . . Robots Hopped 7 | . . 7 . . . Potential Cave-ins . | . . . . . . Cave-ins Triggered . | . . . . . . Exploration Rate (%) 41 | 3 26 91 22 57 50 Regions Visited 5 Branch Regions 3 Pre-discovered Areas 1 | . 1 . . . . Known Exits Taken 1 | . . . 1 . . Unknown Exits Taken 4 | 1 1 1 . 1 . Scrap Searched 2 | . . 1 . 1 . Spaces Dug . | . . . . . . Terrain Destroyed . | . . . . . . Melee . | . . . . . . Projectile . | . . . . . . AOE . | . . . . . . Terrain Rammed 8 | . . . . . 8 Walls Destroyed . | . . . . . . Machines Disabled . | . . . . . . Actions | -11 -10 -10 -9 -9 -9 --------- Run | Yrd Mat Min Mat Min Exi Total 919 | 19 71 323 155 185 166 Wait 4 | . . 4 . . . Move 882 | 19 71 301 154 178 159 Hop 6 | . . 6 . . . Pick Up . | . . . . . . Fast Attach 2 | . . 2 . . . Attach . | . . . . . . Detach . | . . . . . . Swap . | . . . . . . Drop . | . . . . . . Fire . | . . . . . . Melee . | . . . . . . Ram 25 | . . 10 1 7 7 Kick . | . . . . . . Crush . | . . . . . . Escape Stasis . | . . . . . . Rewire . | . . . . . . Trap . | . . . . . . Miscellaneous . | . . . . . . Route ------- -11/Scrapyard -10/Materials -10/Mines -9/Materials (discovered 3 exits: *Min / *Sto x2) -9/Mines -9/Exiles (discovered 2 exits: *Min x2) History --------- Turn | Location | Event 3 | -11/Scrapyard | Discovered new exit (range 15) 11 | -11/Scrapyard | Entered Materials 40 | -10/Materials | Discovered new exit (range 16) 47 | -10/Materials | Entered Mines 159 | -10/Mines | Core integrity fell below 50% 210 | -10/Mines | Discovered new exit (range 9) 213 | -10/Mines | Entered Materials 213 | -9/Materials | Discovered new exit (range 7) 214 | -9/Materials | Identified exit to Mines 214 | -9/Materials | Core integrity fell below 50% 215 | -9/Materials | Reached level 2 249 | -9/Materials | Core integrity fell below 20% 278 | -9/Materials | Identified exit to Storage 292 | -9/Materials | Entered Mines 306 | -9/Mines | Received a Rocket Launcher from a helpful Derelict 315 | -9/Mines | Build established: Mutant 387 | -9/Mines | Deemed a non-threat by the Exiles lab entrance 387 | -9/Mines | Discovered new exit (range 5) 389 | -9/Mines | Entered Exiles 389 | -9/Exiles | Found Exiles lab abandoned 390 | -9/Exiles | Identified exit to Mines 391 | -9/Exiles | Reached level 3 397 | -9/Exiles | Discovered exit to Mines (range 15) 476 | -9/Exiles | Core destroyed Last Messages --------------- GOAL=ESCAPE Loading 1 Mines entrance... 00391_ Reached level 3. 00397_ EXIT=FOUND: MINES 00462_ Slammed into Machine. 00462_ Destabilizing: System corrupted (+1). 00463_ Slammed into Machine. 00463_ Destabilizing: System corrupted (+2). 00471_ Slammed into Machine. 00471_ Destabilizing: System corrupted (+1). 00472_ Slammed into Machine. 00472_ Destabilizing: Core damaged (-11). 00473_ Slammed into Machine. 00473_ Destabilizing: Core damaged (-55). 00474_ Slammed into Machine. 00474_ Destabilizing: System corrupted (+2). 00474_ Destabilizing: Core damaged (-33). 00475_ Slammed into Machine. 00475_ Destabilizing: System corrupted (+1). 00476_ Slammed into Machine. Map ----- +----------------------------------------------------+ | ?????????????????????????????"""""?# #???????? | | ????????????????????????????"""" ## #???????? | | ???????????????????????????#""X" #???????? | | ???????????????????????????#" #???????? | | ???????????????????????????#" ## #???????? | | ???????????????????????????#""""???# #???????? | | ???????????????????????????????????# #???????? | | ???????????????????????????????????# #???""""? | | ???????????????????????????????????# #??"""""? | | ??????????????????????????????????## ###"" """ | | ??????????????????????????????????#" """ | | ??????????????????????????????????#" "" | | ??????????????????????????????????#" "" | | ??????????????????????????????????#" "" | | ?????????????????????#####????????#" "" | | ???????????????????# """#???????#" "" | | ???????????????????#"" """#???????## "" | | ???????????????????#"" #????????# "" | | ???????????????????# #????????#" "X" "" | | ???????????????????# #????????#" """ | | ???????????????????? ?????????#" """""""" | | ?????? #?????????????" ?????????##" #######?? | | ????? #???????????# #????????##"" #???????? | | ????? #####????### ###?######"" #???????? | | ???#" """#####X# #"###""""""" ##??????? | | ???#" @""""" " "" ##???### | | ?????# "" """ " #####"" | | ?????## " " " | | ??????### | | ????????### | | ??????????## | | ???????????## | | ????????????##" | | ?????????????#""" """""" | | ?????????????#" ######""" | | ????????????#"" ""##????#####""" | | ????????????#""" """##?????????##""" | | ????????????""" """##???????????#"""" | | ????????????""" ""#????????????#"" | | ?????????????" ##????????????"""" | | ????????????""" ???????????" | | ????????????"" ?????????" | | ?????????????"" ????????? | | ?????????????"""" ???????? | | ?????????????? ????????? | | ???????????????? ???????????? "" | | ?????????????????" ???????????????"" " " | | ???????????????????????????????????????????##""" " | | ????????????????????????????????????????????###""" | | ??????????????????????????????????????????????##?? | +----------------------------------------------------+ Best States ------------- Heat Dissipation 25 Energy Generation 5 Energy Capacity 100 Matter Stores 300 Matter Capacity 300 Sight Range 16 Terrain Scan Density 10 Armor Coverage 150 Evasion (%) 62 Item Schematics ----------------- None Robot Schematics ------------------ None Fabricated ------------ Nothing Repaired ---------- Nothing Studied --------- None Alien Tech Used ----------------- None Achievements -------------- None Challenges ------------ None RPGLIKE | -11 -10 -10 -9 -9 -9 --------- Run | Yrd Mat Min Mat Min Exi Levels Raised 2 | . . . 1 . 1 XP Earned 6070 | 3000 150 650 1540 530 200 XP Spent 700 | . . . 700 . . Upgrades 10 | . . . 10 . . Core Integrity 10 | . . . 10 . . Protomatter Created . | . . . . . . Protomatter Decayed . | . . . . . . Game ------ Seed ExpertActiveModule Manual? 0 Play Time 00:03:39 Cumulative 687.5 hours Start 2026.07.23 @ 08:04:41 End 2026.07.23 @ 08:08:07 Sessions 1 Manual Loads 0 Difficulty Rogue Special Mode Winter2019/RPGLIKE Game No. 344 Rogue 190 Adventurer 154 Explorer 0 Win Type - Total 24 Types 4/6/5/3/2/1/0/1/1/1 Lore% 95 Gallery% 88 Achievement% 68 Wizard Run 0 Options --------- Layout 0 ASCII 0 Keyboard 0 Movement Numpad Keybinds 0 Fullscreen 2 Font 18/SmallcapsGlow Map View 76x50 Zoom Use 0% Tactical HUD 1 Map Filters NONE Filters NONE Steam 1 RUN: 494217e1-10f9-4750-ad59-c50e0124c43f